AoeStats
← Iguano Pop

Arabian Desert

508600483Analyzed
1v1 RM · 9d ago on Sep 23, 2026· 27m 24s· 2 players
Game mode
Random Map
Map size
Tiny (2 player)
Population
200
Speed
Normal
Resources
Standard
Victory
Conquest
Starting age
Dark Age
Ending age
Imperial Age
RankedLock teamsTeams togetherTeam positionsShared explorationLock speedFull tech treeHidden civsTurbo modeCheats
Victory
Defeat
🇳🇴 Danes · Norway
1325
+17
🇲🇽 Lithuanians · Mexico
1353
-17
BingoBente
9:07 Feudal Age
10:39 Man-at-Arms
12:21 Horse Collar
12:32 Arson
15:07 Loom
15:49 Forging
15:36 Double-Bit Axe
16:41 Scale Mail Armor
22:36 Castle Age
22:48 Gold Mining
23:20 Squires
22:42 Long Swordsman
23:21 Gambesons
25:27 Chain Mail Armor
26:42 Iron Casting
26:36 Bow Saw
Iguano Pop
6:51 Loom
9:55 Feudal Age
10:45 Double-Bit Axe
10:42 Horse Collar
18:18 Forging
18:16 Town Watch
19:53 Scale Barding Armor
21:03 Fletching
26:54 Castle Age
Connection lost

Rejoining the realm…

Still unreachable

The connection could not be restored.

Session expired

The server has moved on; the page needs a fresh start.